 Dungeon Crawl Stone Soup version 0.29-a0-243-g602b31c20e (webtiles) character file.

Game seed: 17441462418623794747

129 sammy202020 the Shield-Bearer (level 4, 0/41 HPs)
             Began as a Minotaur Fighter on Mar 5, 2022.
             Slain by a gnoll
             ... wielding a +0 halberd
              (1 damage)
             ... on level 3 of the Dungeon.
             The game lasted 00:03:37 (1982 turns).

sammy202020 the Shield-Bearer (Minotaur Fighter)    Turns: 1982, Time: 00:03:37

Health: 0/41       AC:  8    Str: 20    XL:     4   Next: 88%
Magic:  0/12       EV:  9    Int:  7    God:
Gold:   119        SH:  4    Dex: 10    Spells: 3/3 levels left

rFire   . . .      SeeInvis +   a - +0 flail
rCold   . . .      Faith    .   c - +0 buckler
rNeg    . . .      Spirit   +   b - +0 scale mail
rPois   .          Reflect  .   (helmet restricted)
rElec   .          Harm     .   (no cloak)
rCorr   .          Rampage  .   j - +0 pair of gloves
Will    .....                   (no boots)
Stlth   ..........              e - amulet of guardian spirit
HPRegen 0.13/turn               h - ring of see invisible
MPRegen 0.13/turn               k - ring of magical power

@: mighty
A: horns 2, retaliatory headbutt
a: no special abilities


You were on level 3 of the Dungeon.
You visited 1 branch of the dungeon, and saw 3 of its levels.

You collected 119 gold pieces.

Inventory:

Hand Weapons
 a - a +0 flail (weapon)
Armour
 b - a +0 scale mail (worn)
 c - a +0 buckler (worn)
 j - a +0 pair of gloves (worn)
Jewellery
 e - an amulet of guardian spirit (around neck)
 h - a ring of see invisible (left hand)
 k - a ring of magical power (right hand)
Scrolls
 g - a scroll of noise {unknown}
 i - a scroll of identify {unknown}
 l - a scroll of fear {unknown}
 n - a scroll of amnesia {unknown}
Potions
 d - a potion of might
 f - a potion of attraction {unknown}
 m - a potion of curing {unknown}


   Skills:
 * Level 4.4 Fighting
 * Level 3.7 Maces & Flails
 * Level 4.3 Armour
 + Level 1.4 Dodging
 * Level 4.6 Shields


You had 3 spell levels left.
You didn't know any spells.
Your spell library contained the following spells:

 Spells                   Type           Power      Damage    Failure   Level
 Summon Small Mammal      Summ           0%         N/A       86%         1
 Corpse Rot               Necr/Air       0%         N/A       94%         2
 Poisonous Vapours        Pois/Air       0%         N/A       94%         2
 Call Canine Familiar     Summ           0%         N/A       99%         3
 Summon Guardian Golem    Hex/Summ       0%         N/A       99%         3


Dungeon Overview and Level Annotations

Branches:
Dungeon (3/15)

Altars:

Shops:
D:3 (


Innate Abilities, Weirdness & Mutations

You have a pair of horns on your head.
You reflexively headbutt those who attack you in melee.


Message History

You are held in a net!
You are held in a net!
Unknown command.
You struggle against the net.
The gnoll hits you from afar with a +0 halberd.
You struggle against the net.
A gnoll comes into view. It is wielding a +0 spear.
The gnoll hits you from afar with a +0 halberd!
You shred the net and break free!
The gnoll hits you from afar with a +0 halberd.
A gnoll comes into view. It is wielding a +0 long sword.
The gnoll throws a throwing net.
The throwing net hits you.
You become entangled in the net!
You see here a throwing net.
You struggle against the net.
You struggle against the net.
The gnoll shouts!
The adder bites you. The gnoll barely misses you.
You struggle against the net.
The adder bites you but does no damage.
The gnoll hits you from afar with a +0 halberd.
You rip the net and break free!
You block the adder's attack.
The gnoll hits you from afar with a +0 halberd!
The gnoll hits you but does no damage. The adder bites you but does no damage.
The gnoll hits you but does no damage.
Sorry, you're not good enough to have a special ability.
You feel very mighty all of a sudden. You block the gnoll's attack.
The gnoll completely misses you. The adder bites you but does no damage.
The gnoll hits you from afar with a +0 spear.
* * * LOW HITPOINT WARNING * * *
You hit the adder. Your headbutt misses the adder.
The adder is lightly wounded.
The adder bites you but does no damage.
The gnoll hits you from afar with a +0 halberd.
* * * LOW HITPOINT WARNING * * *
The gnoll hits you from afar with a +0 halberd!
* * * LOW HITPOINT WARNING * * *
The gnoll closely misses you. The adder barely misses you.
The gnoll hits you from afar with a +0 halberd.
You die...

#..................#
##..................##
#..#...#.............#g
#.####.................
#. #.#...............
#. #.########......<.
#. ##.# ##g.:..... #.
##..# ##.gg...... #.
#..#######@Sg>...... #.
#.#..).))...........
#...####............
#..## #............ #.#
#...<.####### #.
#.....# .. ####### ...
...


You could see 4 gnolls and an adder.

Vanquished Creatures
  An orc priest (D:3)
  An orc wizard (D:3)
  An adder (D:2)
  A worm (D:3)
  2 dart slugs (D:2)
  8 orcs (D:3)
  2 bats (D:2)
  4 endoplasms
  3 giant cockroaches
  A goblin (D:2)
  5 hobgoblins
  A kobold (D:2)
  5 quokkas
  5 ball pythons
  4 frilled lizards
  6 rats
50 creatures vanquished.

Notes
Turn   | Place    | Note
-------+----------+-------------------------------------------
     0 | D:1      | sammy202020 the Minotaur Fighter began the quest for the
                  | Orb.
     0 | D:1      | Reached XP level 1. HP: 19/19 MP: 0/0
   582 | D:1      | Reached XP level 2. HP: 27/27 MP: 1/1
   678 | D:1      | You fall into a shaft and drop 1 floor!
   846 | D:2      | Reached XP level 3. HP: 33/33 MP: 2/2
  1584 | D:3      | Reached skill level 1 in Dodging
  1584 | D:3      | Reached XP level 4. HP: 27/40 MP: 3/3
  1726 | D:3      | Found Cupef's Weapon Shoppe.
  1982 | D:3      | HP: 1/41 [gnoll/+0 halberd (7)]
  1982 | D:3      | Slain by a gnoll

Illustrated notes

Levels and vault maps discovered:
D:1:      dpeg_arrival_triangle_fractal, layout_basic, serial_co_window_serial,
          co_window_of_opportunity_a, co_window_paths_b, co_window_cross_1,
          co_window_corner_a, co_window_corner_a, co_window_corner_b,
          co_window_corner_ca, co_window_2corner, co_window_2corner,
          co_window_2corner, glass_columns_a, glass_columns_a, glass_columns_b,
          glass_columns_a, glass_columns_a, dreamdust_princess_corridor
D:2:      layout_loops_ring, minmay_quantized
D:3:      layout_rooms, serial_shops, nicolae_shop_bloodbath_and_beyond

Skill      XL: |  1  2  3 |
---------------+----------+-----
Fighting       | 4 |  4.4
Armour         | 4 |  4.3
Shields        | 4 |  4.6
Maces & Flails | 3 |  3.7
Dodging        | 1 |  1.4

Action                   |  1- 3 |  4- 6 || total
-------------------------+-------+-------++-------
Melee: Flail             |    84 |    22 ||   106
       Headbutt          |     9 |     4 ||    13
  Use: Potion            |       |     1 ||     1
Armor: Scale mail        |    51 |    16 ||    67
Dodge: Dodged            |    42 |    12 ||    54
Block: Buckler           |    16 |     6 ||    22

Table legend: (Time is in decaauts)
 A = Elapsed time spent in this place.
 B = Non-inter-level travel time spent in this place.
 C = Inter-level travel time spent in this place.
 D = Time resting spent in this place.
 E = Time spent auto-exploring this place.
 F = Levels seen in this place.
 G = Mean time per level.
                   A        B        C        D        E       F      G
               +--------+--------+--------+--------+--------+-----+--------+
         Total |   2011 |   1989 |     22 |      0 |   1631 |   3 |  670.3 |
       Dungeon |   2011 |   1989 |     22 |      0 |   1631 |   3 |  670.3 |
               +--------+--------+--------+--------+--------+-----+--------+

Top non-repeatable levels by time:
     D:2: 881 daAuts
     D:1: 685 daAuts
     D:3: 444 daAuts
